 Dungeon Crawl Stone Soup version 0.31-a0-977-gc230f8ef24 (webtiles) character file.

Game seed: 7648382442521663742

7 skwerlee the Ruffian (level 2, -2/22 HPs)
             Began as a Djinni Shapeshifter on Oct 29, 2023.
             Slain by a jackal (3 damage)
             ... on level 1 of the Dungeon.
             The game lasted 00:00:17 (115 turns).

skwerlee the Ruffian (Djinni Shapeshifter)           Turns: 115, Time: 00:00:18

Health: -2/22      AC:  2    Str: 13    XL:     2   Next: 10%
Gold:   0          EV: 12    Int: 11    God:
                   SH:  0    Dex: 12

rFire   + +          .
                       - Unarmed
rCold   x . .        (no shield)
rNeg    . . .        a - +0 animal skin
rPois   ∞            (helmet currently unavailable)
rElec   .            (cloak currently unavailable)
rCorr   .            (gloves currently unavailable)
SInv    .            (boots unavailable)
Will    .....        (no amulet)
Stlth   +            (no ring)
HPRegen 0.23/turn    (no ring)
MPRegen 0.00/turn

%: infuse magic (-3 HP)
@: beast-form, flying
A: beast (slay +1), flying, sickness immunity, fire resistance 2, cold
vulnerability 1, float, innate caster, HP casting, extra vitality 1
a: Begin Untransformation


You were on level 1 of the Dungeon.
You were a hulking beast.
You visited 1 branch of the dungeon, and saw 1 of its levels.

Inventory:

Armour
 a - a +0 animal skin (worn)
Talismans
 c - a beast talisman
 d - a flux talisman
Potions
 b - a potion of lignification


   Skills:
 + Level 1.0 Fighting
 + Level 2.2 Dodging
 + Level 3.2 Unarmed Combat
 + Level 2.9 Shapeshifting You didn't know any spells. Your spell library was empty.

Dungeon Overview and Level Annotations

Branches:
Dungeon (1/15)

Altars:


Innate Abilities, Weirdness & Mutations

You are a hulking beast.
Your limbs bulge with bestial killing power. (Slay +1)
You are flying.
You are immune to sickness and miasma.
You are immune to poison.
Your flesh is very heat resistant. (rF++)
You are vulnerable to cold. (rC-)
You float through the air rather than walking.
You learn spells naturally, not from books.
Your magical power is your life essence.
You have superior vitality. (+4 MHP)


Message History

You are too injured to fight recklessly!
You are too injured to fight recklessly!
You are too injured to fight recklessly!
You are too injured to fight recklessly!
You are too injured to fight recklessly!
You are too injured to fight recklessly!
You are too injured to fight recklessly!
You are too injured to fight recklessly!
You are too injured to fight recklessly!
You are too injured to fight recklessly!
You are too injured to fight recklessly!
You are too injured to fight recklessly!
You are too injured to fight recklessly!
You are too injured to fight recklessly!
You are too injured to fight recklessly!
You hit the jackal.
The jackal is heavily wounded.
The jackal closely misses you.
You hit the jackal.
You kill the jackal!
The jackal bites you.
* * * LOW HITPOINT WARNING * * *
You have reached level 2!
You hit the jackal.
The jackal is heavily wounded.
The jackal misses you.
You closely miss the jackal.
The jackal is heavily wounded.
The jackal bites you.
* * * LOW HITPOINT WARNING * * *
You hit the jackal.
The jackal is almost dead.
The jackal bites you.
* * * LOW HITPOINT WARNING * * *
The jackal bites you.
* * * LOW HITPOINT WARNING * * *
You hit the jackal.
You kill the jackal!
You barely miss the jackal. The jackal bites you.
You die...

......#
.....
.....
....
#r.#
#w. #h#
#h##
#..#
#..#
#..#
#..##
#...#
#.#.#
#.#.##
#.#..#


You could see a dart slug, a quokka and a jackal.

Vanquished Creatures
  2 hobgoblins (D:1)
  3 jackals (D:1)
  A rat (D:1)
6 creatures vanquished.

Notes
Turn   | Place    | Note
-------+----------+-------------------------------------------
     0 | D:1      | skwerlee the Djinni Shapeshifter began the quest for the
                  | Orb.
     0 | D:1      | Reached XP level 1. HP: 17/17 MP: 0/0
   111 | D:1      | Reached XP level 2. HP: 7/22 MP: 0/0
   113 | D:1      | HP: 1/22 [jackal (2)]
   115 | D:1      | Slain by a jackal

Illustrated notes

Levels and vault maps discovered:
D:1:      tarquinn_simple_flora_water_f, layout_rooms

Action                     || total
---------------------------++-------
  Melee: Unarmed           ||    34
         Punch             ||     2
 Armour: Animal skin       ||    17
  Dodge: Dodged            ||    14

Table legend: (Time is in decaauts)
 A = Elapsed time spent in this place.
 B = Non-inter-level travel time spent in this place.
 C = Inter-level travel time spent in this place.
 D = Time resting spent in this place.
 E = Time spent auto-exploring this place.
 F = Levels seen in this place.
 G = Mean time per level.
                   A        B        C        D        E       F      G
               +--------+--------+--------+--------+--------+-----+--------+
         Total |    112 |    112 |      0 |     48 |     26 |   1 |  112.0 |
       Dungeon |    112 |    112 |      0 |     48 |     26 |   1 |  112.0 |
               +--------+--------+--------+--------+--------+-----+--------+

Top non-repeatable levels by time:
     D:1: 112 daAuts
